 Dungeon Crawl Stone Soup version 0.19-a0-1260-gc94d3f7 (webtiles) character file.

12124 st0uf the Thaumaturge (level 11, -2/64 HPs)
             Began as a Gargoyle Earth Elementalist on Aug 28, 2016.
             Was a Believer of Vehumet.
             Shot with an arrow by a centaur (5 damage)
             ... on level 11 of the Dungeon.
             The game lasted 01:22:10 (15599 turns).

st0uf the Thaumaturge (GrEE)                       Turns: 15599, Time: 01:22:13

Health: -2/64      AC: 17    Str: 18    XL:     11   Next: 88%
Magic:  5/24       EV: 13    Int: 18    God:    Vehumet [**....]
Gold:   565        SH:  0    Dex: 10    Spells: 4 memorised, 19 levels left

rFire  . . .     SeeInvis .     w - +2 morningstar
rCold  + . .     Gourm    .     D - +1 robe {rC+}
rNeg   + . .     Faith    .     (no shield)
rPois  ∞         Spirit   .     B - +2 hat
rElec  +         Dismiss  .     y - +0 cloak
rCorr  .         Reflect  .     p - +0 pair of gloves
MR     .....     Harm     .     Q - +1 pair of boots
Stlth  ++........               (no amulet)
                                (no ring)
                                (no ring)

@: mighty
A: negative energy resistance 1, electricity resistance, unbreathing,
petrification resistance, rot immunity, AC +7
a: Renounce Religion


You were on level 11 of the Dungeon.
You worshipped Vehumet.
Vehumet was pleased with you.
You were not hungry.

You visited 2 branches of the dungeon, and saw 12 of its levels.

You collected 610 gold pieces.
You spent 45 gold pieces at shops.

Inventory:

Hand Weapons
 w - a +2 morningstar (weapon)
Missiles
 b - 145 stones (quivered)
Armour
 p - a +0 pair of gloves (worn)
 v - a +0 buckler
 y - a +0 cloak (worn)
 B - a +2 hat (worn)
 D - a +1 robe of cold resistance (worn)
 Q - a +1 pair of boots (worn)
Jewellery
 k - an uncursed ring of fire
 O - an uncursed ring of magical power {unknown}
 W - an uncursed ring of ice
Wands
 c - a wand of flame (9/48)
 q - a wand of flame (17/48)
 s - a wand of disintegration (13/24)
 L - a wand of disintegration (8/24)
 N - a wand of lightning (3/15)
 P - a wand of iceblast (8/15)
 R - a wand of lightning (4/15)
 V - a wand of iceblast (2/15)
Scrolls
 a - 2 scrolls of remove curse
 f - 4 scrolls of noise
 i - a scroll of fear {unknown}
 l - a scroll of teleportation {unknown}
 m - 6 scrolls of identify
 t - 3 scrolls of enchant weapon {unknown}
 u - 2 scrolls of recharging {unknown}
 x - a scroll of fog {unknown}
 z - 3 scrolls of magic mapping {unknown}
 J - a scroll of acquirement {unknown}
 S - a scroll of brand weapon {unknown}
 T - a scroll of silence {unknown}
 U - a scroll of immolation {unknown}
 X - a scroll of amnesia {unknown}
Potions
 h - 2 potions of flight
 j - 2 potions of brilliance
 n - a potion of cure mutation
 A - 2 potions of cancellation
 C - 4 potions of curing
 H - 2 potions of agility
 M - a potion of resistance
Books
 e - a book of Geomancy

   Spells                             Type                      Level
   a - Sandblast                      Earth                        1
   b - Passwall                       Transmutation/Earth          2
   c - Stone Arrow                    Conjuration/Earth            3
   d - Petrify                        Transmutation/Earth          4
   e - Lee's Rapid Deconstruction     Earth                        5
 o - a book of the Warp

   Spells                             Type                      Level
   a - Gell's Gravitas                Hexes/Translocation          3
   b - Force Lance                    Conjuration/Translocation    4
   c - Summon Forest                  Summoning/Translocation      5
   d - Dispersal                      Translocation                6
   e - Controlled Blink               Translocation                8
   f - Disjunction                    Translocation                8
 F - a book of Spatial Translocations

   Spells                             Type                      Level
   a - Apportation                    Translocation                1
   b - Blink                          Translocation                2
   c - Shroud of Golubria             Charms/Translocation         2
   d - Portal Projectile              Translocation                3
   e - Teleport Other                 Translocation                3
   f - Passage of Golubria            Translocation                4
Comestibles
 d - 9 bread rations
 E - 3 meat rations
 I - 2 beef jerkies
 K - 6 slices of pizza


   Skills:
 + Level 5.2 Fighting
 + Level 4.7 Maces & Flails
 + Level 4.5 Armour
 + Level 4.3 Dodging
 - Level 2.1 Stealth
 + Level 4.6 Shields
 * Level 9.6 Spellcasting
 + Level 6.7 Conjurations
   Level 0.7 Transmutations
 + Level 3.3 Fire Magic
 + Level 9.6 Earth Magic
 + Level 4.3 Evocations


You had 19 spell levels left.
You knew the following spells:

 Your Spells              Type           Power        Failure   Level  Hunger
a - Sandblast             Erth           #####.       1%          1    None
b - Stone Arrow           Conj/Erth      #####.       1%          3    None
c - Flame Tongue          Conj/Fire      ####.        1%          1    None
d - Lee's Rapid Deconstr  Erth           #####.....   4%          5    #####..


Dungeon Overview and Level Annotations

Branches:
Dungeon (11/15)            Temple (1/1) D:7             Orc (0/2) D:10
   Lair: D:8-11

Altars:
Ashenzari
Cheibriados
Dithmenos
Elyvilon
Fedhas
Gozag
Hepliaklqana
Kikubaaqudgha
Makhleb
Nemelex Xobeh
Qazlal
Ru
Vehumet
Xom
Zin

Shops:
D:6 *   D:7 !((::

Annotations:
D:11 Vasilisck's ghost, journeyman MiFi


Innate Abilities, Weirdness & Mutations

You are resistant to torment.
Your stone body is resilient. (AC +7)
You are immune to poison.
You resist negative energy. (rN+)
You are resistant to electric shocks. (rElec)
You can survive without breathing.
You are immune to petrification.
You are immune to rotting.


Message History

The killer bee misses you. The killer bee barely misses you.
You bludgeon the killer bee!!
You kill the killer bee!
Vehumet accepts your kill.
You feel your power returning.
The centaur wields a shortbow.
The centaur shoots an arrow.
The arrow closely misses you.
The centaur wields a shortbow.
The centaur shoots an arrow.
The arrow hits you but does no damage.
The centaur shoots an arrow.
The arrow closely misses you.
You hit the centaur.
The centaur is moderately wounded.
The centaur unwields an uncursed shortbow.
The centaur barely misses you.
You impale the centaur!!
You kill the centaur!
Vehumet accepts your kill.
The centaur shoots an arrow.
The arrow hits you.
* * * LOW HITPOINT WARNING * * *
The centaur shoots an arrow.
The arrow hits you.
You die...

..........# .........#
........# # ..[.... #
..... # )c. # #)# # ##@#
# #.(# ######### ##.##
#...W<.)# #..# ##'#######
#.## ###........#
######.#######.'.........
#............#.#.........
#..>.........#.#.........
#............#.#.........


You could see a centaur.

Vanquished Creatures
  Fannar (D:10)
  A centaur warrior (D:9)
  A hill giant (D:10)
  An ugly thing (D:9)
  Psyche (D:8)
  A kobold demonologist (D:9)
  A troll (D:11)
  A two-headed ogre (D:7)
  A wyvern (D:8)
  8 yaks
  A hungry ghost (D:8)
  4 hogs
  A water elemental (D:11)
  A human (D:8)
  A hippogriff (D:10)
  A soldier ant (D:11)
  3 ice beasts
  A phantom (D:4)
  3 sky beasts
  An eye of draining (D:9)
  3 orc warriors
  A wasp (D:7)
  2 black bears (D:6)
  8 ogres
  9 centaurs
  A big kobold (D:10)
  5 giant frogs
  2 elf skeletons (D:6)
  3 scorpions
  24 killer bees
  An electric eel (D:11)
  5 wights (D:11)
  A centaur zombie (D:5)
  7 crimson imps
  4 jellies
  2 human zombies (D:6)
  5 hounds
  11 orc wizards
  Crazy Yiuf (D:6)
  An orc priest (D:5)
  2 centaur skeletons
  3 iguanas
  2 human skeletons (D:6)
  5 worker ants
  Natasha (thrice) (D:4)
  A hound zombie (D:3)
  3 hound skeletons
  9 gnolls
  12 adders
  2 shadow imps
  2 oozes
  3 worms
  2 dart slugs
  9 giant geckos
  40 orcs
  4 bats
  4 giant cockroaches
  6 goblins
  5 hobgoblins
  5 jackals
  4 quokkas
  2 ball pythons
  A giant gecko zombie (D:8)
  14 giant newts
  A jackal skeleton (D:5)
  11 kobolds
  A quokka zombie (D:5)
  12 rats
298 creatures vanquished.

Vanquished Creatures (others)
  A fungus (D:4)
  2 plants (D:4)
3 creatures vanquished.

Grand Total: 301 creatures vanquished

Notes
Turn   | Place    | Note
-------+----------+-------------------------------------------
     0 | D:1      | st0uf the Gargoyle Earth Elementalist began the quest for the Orb.
     0 | D:1      | Reached XP level 1. HP: 10/10 MP: 3/3
   195 | D:1      | Reached XP level 2. HP: 15/15 MP: 0/5
   784 | D:1      | Reached XP level 3. HP: 19/19 MP: 4/7
  1360 | D:2      | Reached XP level 4. HP: 24/24 MP: 5/8
  1373 | D:2      | Found a snail-covered altar of Cheibriados.
  1992 | D:2      | Learned a level 3 spell: Stone Arrow
  2130 | D:3      | Reached skill level 5 in Earth Magic
  2130 | D:3      | Reached XP level 5. HP: 17/28 MP: 0/10
  2867 | D:4      | Reached XP level 6. HP: 24/32 MP: 6/13
  2912 | D:4      | Noticed a phantom
  3329 | D:4      | Killed a phantom
  3329 | D:4      | Reached skill level 5 in Spellcasting
  3329 | D:4      | Reached skill level 1 in Conjurations
  3570 | D:4      | Noticed Natasha
  3574 | D:4      | Killed Natasha
  3574 | D:4      | Reached XP level 7. HP: 28/36 MP: 9/15
  3708 | D:4      | Noticed Natasha
  3712 | D:4      | Killed Natasha
  3893 | D:4      | Found a sacrificial altar of Ru.
  4029 | D:4      | Noticed Natasha
  4033 | D:4      | Killed Natasha
  4062 | D:5      | Entered Level 5 of the Dungeon
  4780 | D:5      | Reached XP level 8. HP: 30/41 MP: 7/17
  5868 | D:6      | Found a sand-covered staircase.
  6199 | D:6      | Found a glowing silver altar of Zin.
  6200 | D:6      | Found Zin's Purification Station.
  6370 | D:6      | Reached skill level 1 in Maces & Flails
  6501 | D:6      | Reached skill level 1 in Fighting
  6502 | D:6      | Reached skill level 1 in Armour
  6504 | D:6      | Reached skill level 1 in Shields
  6504 | D:6      | Reached skill level 1 in Evocations
  6504 | D:6      | Reached XP level 9. HP: 47/47 MP: 1/20
  6939 | D:6      | Found a runed door.
  7239 | D:6      | Noticed Crazy Yiuf
  7241 | D:6      | Killed Crazy Yiuf
  7316 | D:7      | Found Souczour's Book Emporium.
  7364 | D:7      | Found Tiaruaso's Book Boutique.
  8112 | D:7      | Found Piapnosm's Antique Weapon Shoppe.
  8119 | D:7      | Noticed a two-headed ogre
  8125 | D:7      | Killed a two-headed ogre
  8129 | D:7      | Found Byxomyrph's Weapon Shop.
  8483 | D:7      | Found a sparkling altar of Nemelex Xobeh.
  8617 | D:7      | Found a staircase to the Ecumenical Temple.
  8651 | Temple   | Entered the Ecumenical Temple
  8680 | Temple   | Became a worshipper of Vehumet
  8775 | D:7      | Found Ovvy's Distillery.
  8778 | D:7      | Bought a potion of degeneration for 13 gold pieces
  8778 | D:7      | Bought a potion of mutation for 32 gold pieces
  8954 | D:6      | Reached skill level 5 in Conjurations
  9074 | D:7      | Reached XP level 10. HP: 56/56 MP: 9/22
 10035 | D:8      | Reached * piety under Vehumet
 10035 | D:8      | Offered knowledge of Flame Tongue by Vehumet.
 10043 | D:8      | Learned a level 1 spell: Flame Tongue
 10381 | D:8      | Found a burning altar of Makhleb.
 10535 | D:8      | Found a shadowy altar of Dithmenos.
 10537 | D:8      | Found a shattered altar of Ashenzari.
 10647 | D:8      | Reached skill level 1 in Fire Magic
 10798 | D:9      | Noticed Psyche
 10807 | D:8      | Killed Psyche
 11175 | D:9      | Found a stormy altar of Qazlal.
 11284 | D:9      | Noticed a kobold demonologist
 11291 | D:9      | Killed a kobold demonologist
 11296 | D:9      | Reached XP level 11. HP: 44/61 MP: 2/23
 11778 | D:9      | Noticed a white ugly thing
 11785 | D:9      | Killed a white ugly thing
 11872 | D:9      | Noticed a centaur warrior
 11877 | D:9      | Killed a centaur warrior
 11965 | D:10     | Entered Level 10 of the Dungeon
 12177 | D:10     | Reached ** piety under Vehumet
 12177 | D:10     | Offered knowledge of Throw Frost by Vehumet.
 13114 | D:10     | Found a staircase to the Orcish Mines.
 13123 | D:10     | Noticed Fannar
 13230 | D:10     | You fall through a shaft!
 13321 | D:10     | Noticed a hill giant
 13333 | D:10     | Killed a hill giant
 13514 | D:11     | Noticed Vasilisck's ghost (journeyman MiFi)
 14694 | D:10     | Learned a level 5 spell: Lee's Rapid Deconstruction
 14958 | D:10     | Killed Fannar
 14958 | D:10     | Reached skill level 5 in Fighting
 15536 | D:11     | Got a crystal quarterstaff
 15541 | D:11     | Identified the +3 quarterstaff of Viosit {flame, rC+ Dex+2} (You found it on level 11 of the Dungeon)
 15599 | D:11     | HP: 3/64 [centaur/arrow (6)]
 15599 | D:11     | Shot with an arrow by a centaur

Vault maps used:
D:1:      dpeg_arrival_tiny_c
D:2:      lemuel_coloured_pillars_altar, st_stairs_5
D:3:      first_bread
D:4:      nicolae_ru_the_path_less_chosen, uniq_natasha
D:6:      zin_purify, nicolae_ossuary_entry_catacombs, minmay_lizard_king,
          uniq_crazy_yiuf_cottage
D:7:      nemelex_xobeh_ov_fountains_minmay, serial_shops, shop,
          nicolae_shop_behind_doors, shop, nicolae_shop_behind_doors,
          kennysheep_mini_moat
D:8:      nicolae_overflow_hidden_temple, basic_altar, grunt_livestock
D:9:      minmay_cornered_nines, lemuel_crystal_altar, corexii_checkpoint_b,
          uniq_psyche
D:10:     orc_0_dummy, kennysheep_generic_room_14, uniq_fannar
D:11:     lair_0_dummy, minmay_variable_closet, kennysheep_cross_room
Temple:   nicolae_temple_great_sept

Skill      XL: |  1  2  3  4  5  6  7  8  9 10 11 |
---------------+----------------------------------+-----
Earth Magic    | 4 5 6 7 8 9 |  9.6
Spellcasting   | 3 4 5 6 7 8 9 |  9.6
Conjurations   | 1 3 4 5 6 |  6.7
Maces & Flails | 1 2 4 |  4.7
Fighting       | 1 3 4 5 |  5.2
Armour         | 1 2 3 4 |  4.5
Dodging        | 2 3 4 |  4.3
Shields        | 1 2 3 4 |  4.6
Evocations     | 1 2 3 4 |  4.3
Fire Magic     | 2 3 |  3.3
Stealth        | |  2.1
Transmutations | |  0.7

Action                   |  1- 3 |  4- 6 |  7- 9 | 10-12 || total
-------------------------+-------+-------+-------+-------++-------
Melee: Unarmed           |       |     3 |       |       ||     3
       Flail             |       |       |     1 |       ||     1
       Mace              |       |       |   120 |   173 ||   293
       Morningstar       |       |       |       |    33 ||    33
 Cast: Sandblast         |    71 |   104 |    74 |    25 ||   274
       Stone Arrow       |       |     8 |   138 |   250 ||   396
       Flame Tongue      |       |       |       |    11 ||    11
       Lee's Rapid Decon |       |       |       |     1 ||     1
  Use: Scroll            |       |       |     1 |    11 ||    12
       Potion            |       |       |       |     1 ||     1
 Stab: Sleeping          |       |       |       |     1 ||     1
  Eat: Chunk             |     2 |     5 |    20 |    18 ||    45
       Beef jerky        |       |       |     1 |       ||     1
       Fruit             |       |       |       |     2 ||     2
       Pizza             |       |       |       |     1 ||     1
Armor: Robe              |    10 |    24 |   104 |   213 ||   351
Dodge: Dodged            |    22 |    33 |   158 |   304 ||   517
